 Dungeon Crawl Stone Soup version 0.24.0-2-g5b39cebb1c (webtiles) character file.

Game seed: 7899763166361216977, levelgen mode: deterministic

523 Mrkan the Chopper (level 7, -2/61 HPs)
             Began as a Minotaur Fighter on Oct 30, 2019.
             Was a Believer of Fedhas.
             Slain by a gnoll
             ... wielding a +0 flail
              (5 damage)
             ... on level 4 of the Dungeon.
             The game lasted 00:05:38 (2513 turns).

Mrkan the Chopper (Minotaur Fighter)                Turns: 2513, Time: 00:05:39

Health: -2/61      AC: 12    Str: 21    XL:     7   Next: 2%
Magic:  6/6        EV:  5    Int:  5    God:    Fedhas [**....]
Gold:   159        SH: 10    Dex: 11    Spells: 6/6 levels left

rFire    + . .     SeeInvis .   a - +0 war axe
rCold    + . .     Gourm    .   c - +0 shield
rNeg     . . .     Faith    .   t - +0 plate armour
rPois    .         Spirit   .   (helmet restricted)
rElec    .         Reflect  .   i - scarf {rC+ rF+}
rCorr    .         Harm     .   (no gloves)
MR       .....                  (no boots)
Stlth    ..........             (no amulet)
HPRegen  0.20/turn              (no ring)
MPRegen  0.10/turn              (no ring)

@: glowing
A: retaliatory headbutt, horns 2
a: Wall of Briars, Renounce Religion


You were on level 4 of the Dungeon.
You worshipped Fedhas.
Fedhas was pleased with you.
You were not hungry.

You visited 1 branch of the dungeon, and saw 4 of its levels.

You collected 159 gold pieces.

Inventory:

Hand Weapons
 a - a +0 war axe (weapon)
Armour
 c - a +0 shield (worn)
 i - a scarf of resistance (worn)
 t - a +0 plate armour (worn)
Jewellery
 o - an uncursed ring of stealth {unknown}
Wands
 q - a wand of paralysis (8)
 v - a wand of iceblast (7)
Scrolls
 e - 5 scrolls of identify {unknown}
 g - a scroll of amnesia {unknown}
 h - a scroll of fear {unknown}
 l - a scroll of random uselessness {unknown}
 n - a scroll of enchant weapon {unknown}
 p - 2 scrolls of remove curse {unknown}
 u - 3 scrolls of teleportation {unknown}
Potions
 b - 2 potions of heal wounds
 d - 2 potions of might
 j - 3 potions of berserk rage {unknown}
 k - a potion of curing {unknown}
 m - a potion of degeneration {unknown}
 r - 2 potions of mutation {unknown}
 s - a potion of agility {unknown}
Comestibles
 f - 5 rations


   Skills:
 + Level 5.1 Fighting
 * Level 5.6 Axes
 + Level 5.1 Armour
 + Level 3.0 Dodging
 + Level 5.1 Shields


You had 6 spell levels left.
You didn't know any spells.
Your spell library was empty.

Dungeon Overview and Level Annotations

Branches:
Dungeon (4/15)
 Temple: D:4-7

Altars:
Fedhas

Annotations:
D:3 2 runed translucent doors, Tinylith's ghost, amateur NaIE


Innate Abilities, Weirdness & Mutations

You reflexively headbutt those who attack you in melee.
You have a pair of horns on your head.


Message History

You have reached level 7!
The gnoll hits you with a +1 whip of distortion.
Space warps horribly around you!
You hit the gnoll.
The gnoll is lightly wounded.
The gnoll hits you but does no damage. Space warps horribly around you!!
* * * LOW HITPOINT WARNING * * *
Your plate armour prevents you from hitting the gnoll.
The gnoll is lightly wounded.
The gnoll hits you but does no damage. Space bends around you.
* * * LOW HITPOINT WARNING * * *
You hit the gnoll but do no damage.
The gnoll is lightly wounded.
The gnoll barely misses you. You block the gnoll's attack.
You slash the gnoll!
You kill the gnoll!
Fedhas accepts your kill. The gnoll hits you with a +0 flail.
You die...
Fedhas appreciates your contribution to the ecosystem.

#....# #....... #....#
#......†
##....#####....... ####
#######.........########
....
..................######
...#
######.#####...........
##.# #.# #.#.#..####.
#.# #.#.#...# #. #@#
#.#<#...# #. #g#
..#.##### ## #o. ###.#
#.g. ..# ##?.. ### ...#
###### ...# ..^... ...#
######


You could see 2 gnolls and an orc.

Vanquished Creatures
  A sky beast (D:3)
  2 scorpions (D:4)
  A gnoll shaman (D:4)
  An orc priest (D:4)
  2 worker ants (D:4)
  Robin (D:3)
  6 gnolls
  6 adders
  4 worms
  2 dart slugs
  A leopard gecko (D:1)
  7 orcs (D:4)
  2 ball pythons
  7 giant cockroaches
  12 goblins
  10 hobgoblins
  3 jackals (D:3)
  A quokka (D:3)
  5 bats
  6 frilled lizards
  7 kobolds
  8 rats
95 creatures vanquished.

Notes
Turn   | Place    | Note
-------+----------+-------------------------------------------
     0 | D:1      | Mrkan the Minotaur Fighter began the quest for the Orb.
     0 | D:1      | Reached XP level 1. HP: 19/19 MP: 0/0
   231 | D:1      | Reached XP level 2. HP: 24/27 MP: 1/1
   878 | D:2      | Reached skill level 1 in Dodging
   878 | D:2      | Reached XP level 3. HP: 33/33 MP: 2/2
  1420 | D:2      | Reached XP level 4. HP: 36/40 MP: 3/3
  1487 | D:3      | Found a blossoming altar of Fedhas.
  1497 | D:3      | Became a worshipper of Fedhas Madash
  1580 | D:3      | Noticed a bullfrog
  1581 | D:3      | Noticed Tinylith's ghost (amateur NaIE)
  1582 | D:3      | Found a runed translucent door.
  1698 | D:3      | Noticed Robin
  1720 | D:3      | Killed Robin
  1817 | D:3      | Reached * piety under Fedhas
  1871 | D:3      | Reached XP level 5. HP: 44/47 MP: 4/4
  2045 | D:3      | Found a runed translucent door.
  2130 | D:3      | Noticed a sky beast
  2143 | D:3      | Killed a sky beast
  2143 | D:3      | Reached XP level 6. HP: 47/53 MP: 5/5
  2228 | D:4      | Reached skill level 5 in Axes
  2415 | D:4      | Reached skill level 5 in Fighting
  2415 | D:4      | Reached skill level 5 in Armour
  2416 | D:4      | Reached skill level 5 in Shields
  2485 | D:4      | Reached ** piety under Fedhas
  2509 | D:4      | Reached XP level 7. HP: 44/61 MP: 6/6
  2511 | D:4      | HP: 3/61 [gnoll/+1 whip of distortion (2)]
  2513 | D:4      | Slain by a gnoll

Levels and vault maps discovered:
D:1:      dpeg_arrival_chase, layout_loops_cross
D:2:      layout_basic, kennysheep_generic_room_6
D:3:      layout_loops_ring, fedhas_altar_4, ebering_ghost_sewer_f, uniq_robin
D:4:      layout_basic, temple_hall_moat, serial_shops, kennysheep_little_box,
          nicolae_ossuary_entry_ruins, supply_closet_lemuel,
          dk_rats_in_the_wall, uniq_sigmund, uniq_blork_the_orc, uniq_menkaure

Skill      XL: |  1  2  3  4  5  6 |
---------------+-------------------+-----
Axes           | 3 4 5 |  5.6
Fighting       | 4 5 |  5.1
Dodging        | 1 2 3 |  3.0
Armour         | 4 5 |  5.1
Shields        | 4 5 |  5.1

Action                   |  1- 3 |  4- 6 |  7- 9 || total
-------------------------+-------+-------+-------++-------
Melee: War axe           |    96 |   157 |     4 ||   257
       Headbutt          |     8 |    30 |       ||    38
  Use: Potion            |     1 |       |       ||     1
  Eat: Chunk             |     2 |     4 |       ||     6
Armor: Scale mail        |    21 |       |       ||    21
       Chain mail        |    31 |    37 |       ||    68
       Plate armour      |       |    38 |     2 ||    40
Dodge: Dodged            |    32 |    34 |     1 ||    67
Block: Shield            |    52 |    90 |     1 ||   143
